Thunder vs Saguenéens
(R1)
Created - 17 septembre 2014 at 23:12
Simulating a Pre-Season
Goals
|
Thunder |
1 |
1 |
3 |
5 |
Saguenéens |
1 |
0 |
0 |
1 |
|
Shots
|
Thunder |
8 |
14 |
15 |
37 |
Saguenéens |
13 |
8 |
14 |
35 |
|
1st period
1. Saguenéens , Kyle Brodziak 5 (Joffrey Lupul) at 6:42 (PP)
2. Thunder , Adam Hall 3 (Pierre-Alexandre Parenteau, Doug Janik) at 17:31
Penalties :
Tyler Myers (TRO) for Roughing (Minor) at 1:36, James Van Riemsdyk (TRO) for Hooking (Minor) at 4:54, David Toews (Chi) for Hooking (Minor) at 9:42, Kyle Brodziak (Chi) for Tripping (Minor) at 13:45
2nd period
3. Thunder , Ray Macias 1 (Pierre-Alexandre Parenteau, Dany Roussin) at 1:16
Penalties :
Ian Cole (Chi) for Roughing (Minor) at 12:37, James Van Riemsdyk (TRO) for Roughing (Minor) at 18:35
3rd period
4. Thunder , James Van Riemsdyk 3 (David Krejci, Jeff Finger) at 12:40 (PP)
5. Thunder , Jamie Benn 2 (Tom Pyatt, Doug Janik) at 14:30
6. Thunder , Doug Janik 1 (Adam Hall, David Krejci) at 17:12 (PP)
Penalties :
Tyler Kennedy (Chi) for Boarding (Minor) at 3:21, David Krejci (TRO) for Interference (Minor) at 5:35, Brandon Burlon (Chi) for Hooking (Minor) at 11:45, Kris Russell (Chi) for Hooking (Minor) at 16:11
Goalie Stats
Ben Bishop (TRO), 34 saves from 35 shots - (0,971), W, 1-2-0, 60:00 minutes
James Reimer (Chi), 32 saves from 37 shots - (0,865), L, 2-2-0, 60:00 minutes
Players Stats for Thunder
Player Name G A P +/- PIM S H SB GA TA FO MP PP MP PK MP
------------------------------------------------------------------------------------
Adam Hall 1 1 2 1 0 6 3 0 1 0 0/0 19:53 5:33 2:00
Brandon Mashinter 0 0 0 0 0 0 0 0 0 0 2/3 7:18 0:00 0:00
Brett Festerling 0 0 0 0 0 0 0 0 0 0 0/0 4:27 0:00 0:26
Colby Cohen 0 0 0 0 0 0 0 0 0 0 0/0 0:00 0:00 0:00
Dany Roussin 0 1 1 1 0 2 0 0 0 1 0/0 13:37 3:50 0:00
Daultan Leveillé 0 0 0 0 0 0 0 0 0 0 0/0 1:57 0:00 0:18
David Fischer 0 0 0 0 0 0 0 0 0 0 0/0 0:00 0:00 0:00
David Krejci 0 2 2 1 2 8 3 0 0 0 22/40 22:16 5:33 3:05
Derek Peltier 0 0 0 0 0 0 1 0 1 1 0/0 9:43 0:00 0:00
Doug Janik 1 2 3 2 0 3 3 2 2 0 0/0 27:09 6:16 4:43
James Van Riemsdyk 1 0 1 1 4 3 3 0 2 0 1/2 19:35 5:33 1:40
Jamie Benn 1 0 1 1 0 3 0 2 1 0 0/0 12:52 0:29 0:57
Jannik Hansen 0 0 0 0 0 0 0 0 0 0 0/0 0:32 0:29 0:00
Jeff Finger 0 1 1 2 0 1 1 0 1 1 0/0 27:09 6:16 4:43
Joey Ryan 0 0 0 0 0 0 0 0 0 0 0/0 10:18 0:00 0:35
Kevin Montgomery 0 0 0 0 0 0 0 0 0 0 0/0 4:01 0:00 0:00
Mat Clark 0 0 0 0 0 0 0 0 0 0 0/0 0:00 0:00 0:00
Matt D'Agostini 0 0 0 1 0 1 1 0 0 0 0/1 13:20 0:00 2:02
Pierre-Alexandre Parente 0 2 2 1 0 4 2 1 0 0 1/1 13:37 3:50 0:00
Ray Macias 1 0 1 1 0 2 0 1 0 0 0/0 19:07 3:36 3:02
Robin Leblanc 0 0 0 0 0 0 0 0 0 0 0/0 7:12 0:00 0:00
Samuel Pahlsson 0 0 0 1 0 2 0 1 1 1 4/8 19:20 3:50 4:09
Scott Parse 0 0 0 0 0 0 2 0 0 0 0/0 7:53 0:29 0:00
Tom Pyatt 0 1 1 1 0 1 0 0 0 0 2/5 12:50 0:00 1:19
Tyler Myers 0 0 0 1 2 1 1 3 0 0 0/0 18:05 3:36 2:01
Players Stats for Saguenéens
Player Name G A P +/- PIM S H SB GA TA FO MP PP MP PK MP
------------------------------------------------------------------------------------
Brandon Burlon 0 0 0 -2 2 1 1 0 0 0 0/0 22:02 2:52 3:46
Bryan Bickell 0 0 0 0 0 8 0 0 1 0 0/0 9:19 0:08 0:16
David Laliberté 0 0 0 0 0 3 1 0 1 0 0/0 8:47 0:00 0:00
David Moss 0 0 0 -1 0 1 2 0 0 0 1/1 15:08 0:00 4:26
David Rundblad 0 0 0 -1 0 0 0 0 0 0 0/0 11:54 0:00 1:05
David Toews 0 0 0 0 2 1 1 0 0 0 0/2 8:23 0:00 0:00
Eric Tangradi 0 0 0 0 0 5 2 0 0 0 0/1 13:58 4:25 0:00
Evgeny Dadonov 0 0 0 -2 0 2 5 2 0 1 1/1 17:37 3:12 0:00
Ian Cole 0 0 0 -1 2 2 4 4 0 1 0/0 26:16 4:53 3:08
Jeffrey Foss 0 0 0 0 0 0 0 1 0 0 0/0 5:23 0:00 2:26
Joffrey Lupul 0 1 1 -1 0 1 3 0 0 0 0/0 17:51 4:33 2:25
Kevin Marshall 0 0 0 0 0 1 1 3 0 0 0/0 26:42 4:53 5:37
Kris Russell 0 0 0 -2 2 0 2 1 0 0 0/0 25:22 2:52 3:42
Kyle Brodziak 1 0 1 -1 2 2 2 0 0 4 6/18 19:45 4:33 4:04
Marcus Johansson 0 0 0 -2 0 1 1 1 1 1 12/24 19:14 3:12 0:11
Petteri Wirtanen 0 0 0 0 0 1 1 1 0 0 7/11 13:08 0:00 4:21
Rhett Rakhshani 0 0 0 0 0 1 1 1 1 0 0/0 8:18 0:00 0:00
Tyler Kennedy 0 0 0 -2 2 5 3 0 0 2 1/2 20:55 3:12 4:01
3 Stars
1 - Doug Janik (TRO)
2 - Ben Bishop (TRO)
3 - Adam Hall (TRO)
Power Play
Thunder - 2 on 6 Attempt(s) - 33,33%
Saguenéens - 1 on 4 Attempt(s) - 25,00%
Penalty Kill
Thunder - 3 on 4 Attempt(s) - 75,00%
- Score 0 goal in Penalty Kill
Saguenéens - 4 on 6 Attempt(s) - 66,67%
- Score 0 goal in Penalty Kill
Official
Referees : LaRue Dennis and L'Ecuyer Frederick
Linesman : Scott Driscoll and Vaughan Rody
Game Notes
Jeffrey Foss is injured at 2:28 of 2nd period (Bruised Left Shoulder)
Thunder
5 vs 5 Forward
Center Left Wing Right Wing Time % Phy DF OF
1 David Krejci James Van Riemsdyk Adam Hall 40 1 2 2
2 Samuel Pahlsson Dany Roussin Pierre-Alexandre Parentea30 1 2 2
3 Tom Pyatt Jamie Benn Matt D'Agostini 20 1 2 2
4 Brandon Mashinter Scott Parse Robin Leblanc 10 1 2 2
5 vs 5 Defense
Defense Defense Time % Phy DF OF
1 Doug Janik Jeff Finger 40 1 2 2
2 Tyler Myers Ray Macias 30 1 2 2
3 Derek Peltier Joey Ryan 20 1 2 2
4 Brett Festerling Kevin Montgomery 10 1 2 2
PowerPlay Forward
Center Left Wing Right Wing Time % Phy DF OF
1 David Krejci James Van Riemsdyk Adam Hall 60 1 2 2
2 Samuel Pahlsson Dany Roussin Pierre-Alexandre Parentea40 1 2 2
PowerPlay Defense
Defense Defense Time % Phy DF OF
1 Doug Janik Jeff Finger 60 1 2 2
2 Tyler Myers Ray Macias 40 1 2 2
Penalty Kill 4 Players Forward
Center Wing Time % Phy DF OF
1 David Krejci Samuel Pahlsson 60 1 2 2
2 Adam Hall James Van Riemsdyk 40 1 2 2
Penalty Kill 4 Players Defense
Defense Defense Time % Phy DF OF
1 Doug Janik Jeff Finger 60 1 2 2
2 Tyler Myers Ray Macias 40 1 2 2
Penalty Kill - 3 Players Forward
Forward Time % Phy DF OF
1 David Krejci 60 1 2 2
2 Samuel Pahlsson 40 1 2 2
Penalty Kill - 3 Players Defense
Defense Defense Time % Phy DF OF
1 Doug Janik Jeff Finger 60 1 2 2
2 Tyler Myers Ray Macias 40 1 2 2
4 vs 4 Forward
Center Wing Time % Phy DF OF
1 David Krejci Samuel Pahlsson 60 1 2 2
2 Adam Hall James Van Riemsdyk 40 1 2 2
4 vs 4 Defense
Defense Defense Time % Phy DF OF
1 Doug Janik Jeff Finger 60 1 2 2
2 Tyler Myers Ray Macias 40 1 2 2
Last Minutes Offensive
Center Left Wing Right Wing Defense Defense
David Krejci James Van Riemsdyk Adam Hall Doug Janik Jeff Finger
Last Minutes Defensive
Center Left Wing Right Wing Defense Defense
David Krejci James Van Riemsdyk Adam Hall Doug Janik Jeff Finger
Goaltenders
Starting : Ben Bishop
Backup : Devan Dubnyk
Extra Forwards
Normal : Jamie Benn, Scott Parse, Matt D'Agostini - PP : Jamie Benn, Scott Parse - PK : Matt D'Agostini
Extra Defensemen
Normal : Derek Peltier, Joey Ryan, Brett Festerling - PP : Derek Peltier - PK : Joey Ryan, Brett Festerling
Penalty Shots
David Krejci, Samuel Pahlsson, Adam Hall, James Van Riemsdyk, Dany Roussin
Saguenéens
5 vs 5 Forward
Center Left Wing Right Wing Time % Phy DF OF
1 Marcus Johansson Evgeny Dadonov Tyler Kennedy 40 1 2 2
2 Kyle Brodziak Joffrey Lupul David Moss 30 1 2 2
3 Petteri Wirtanen Eric Tangradi David Laliberté 20 1 2 2
4 David Toews Bryan Bickell Rhett Rakhshani 10 1 2 2
5 vs 5 Defense
Defense Defense Time % Phy DF OF
1 Ian Cole Kevin Marshall 37 1 2 2
2 Brandon Burlon Kris Russell 33 1 2 2
3 Jeffrey Foss David Rundblad 20 1 2 2
4 Kris Russell Ian Cole 10 0 2 3
PowerPlay Forward
Center Left Wing Right Wing Time % Phy DF OF
1 Marcus Johansson Evgeny Dadonov Tyler Kennedy 55 1 1 3
2 Kyle Brodziak Eric Tangradi Joffrey Lupul 45 1 1 3
PowerPlay Defense
Defense Defense Time % Phy DF OF
1 Ian Cole Kevin Marshall 55 0 2 3
2 Brandon Burlon Kris Russell 45 0 2 3
Penalty Kill 4 Players Forward
Center Wing Time % Phy DF OF
1 Kyle Brodziak Tyler Kennedy 50 1 3 1
2 Petteri Wirtanen David Moss 50 1 3 1
Penalty Kill 4 Players Defense
Defense Defense Time % Phy DF OF
1 Jeffrey Foss Kevin Marshall 50 1 3 1
2 Kris Russell Brandon Burlon 50 1 3 1
Penalty Kill - 3 Players Forward
Forward Time % Phy DF OF
1 Kyle Brodziak 50 1 3 1
2 David Moss 50 1 3 1
Penalty Kill - 3 Players Defense
Defense Defense Time % Phy DF OF
1 Jeffrey Foss Kevin Marshall 50 1 3 1
2 Kris Russell Brandon Burlon 50 1 3 1
4 vs 4 Forward
Center Wing Time % Phy DF OF
1 Marcus Johansson Evgeny Dadonov 50 1 1 3
2 Kyle Brodziak Tyler Kennedy 50 1 2 2
4 vs 4 Defense
Defense Defense Time % Phy DF OF
1 Ian Cole Kevin Marshall 50 1 2 2
2 Brandon Burlon Kris Russell 50 1 2 2
Last Minutes Offensive
Center Left Wing Right Wing Defense Defense
Kyle Brodziak Evgeny Dadonov Tyler Kennedy Ian Cole Kris Russell
Last Minutes Defensive
Center Left Wing Right Wing Defense Defense
Kyle Brodziak Evgeny Dadonov Tyler Kennedy Kris Russell Kevin Marshall
Goaltenders
Starting : James Reimer
Backup : Harru Sateri
Extra Forwards
Normal : Kyle Brodziak, Eric Tangradi, Evgeny Dadonov - PP : Eric Tangradi, Bryan Bickell - PK : Joffrey Lupul
Extra Defensemen
Normal : Kris Russell, Brandon Burlon, Ian Cole - PP : David Rundblad - PK : Ian Cole, David Rundblad
Penalty Shots
Evgeny Dadonov, David Moss, Joffrey Lupul, Kyle Brodziak, Bryan Bickell
% Time on Ice - Thunder
Lines # - Real PCT - Wanted PCT - Time Play
Normal Forward
1 - 33% - 40% - 14:06
2 - 23% - 30% - 9:47
3 - 27% - 20% - 11:18
4 - 17% - 10% - 7:12
Normal Defense
1 - 38% - 40% - 16:10
2 - 29% - 30% - 12:29
3 - 23% - 20% - 9:43
4 - 9% - 10% - 4:01
PP Forward
1 - 61% - 60% - 6:02
2 - 39% - 40% - 3:50
PP Defense
1 - 64% - 60% - 6:16
2 - 36% - 40% - 3:36
PK Forward
1 - 74% - 60% - 5:45
2 - 26% - 40% - 2:00
PK Defense
1 - 61% - 60% - 4:43
2 - 39% - 40% - 3:02
PK3 Forward
1 - 0% - 60%
2 - 0% - 40%
PK3 Defense
1 - 0% - 60%
2 - 0% - 40%
44 Forward
1 - 0% - 60%
2 - 0% - 40%
44 Defense
1 - 0% - 60%
2 - 0% - 40%
Last Minute Offensive - 0:00
Last Minute Defensive - 0:00
Total
Forward - 60:00
Defense - 60:00
|
% Time on Ice - Saguenéens
Lines # - Real PCT - Wanted PCT - Time Play
Normal Forward
1 - 34% - 40% - 14:32
2 - 25% - 30% - 10:46
3 - 21% - 20% - 8:47
4 - 20% - 10% - 8:18
Normal Defense
1 - 37% - 37% - 15:47
2 - 34% - 33% - 14:14
3 - 28% - 20% - 11:44
4 - 1% - 10% - 0:38
PP Forward
1 - 41% - 55% - 3:12
2 - 59% - 45% - 4:33
PP Defense
1 - 63% - 55% - 4:53
2 - 37% - 45% - 2:52
PK Forward
1 - 55% - 50% - 5:23
2 - 45% - 50% - 4:29
PK Defense
1 - 57% - 50% - 5:37
2 - 43% - 50% - 4:15
PK3 Forward
1 - 0% - 50%
2 - 0% - 50%
PK3 Defense
1 - 0% - 50%
2 - 0% - 50%
44 Forward
1 - 0% - 50%
2 - 0% - 50%
44 Defense
1 - 0% - 50%
2 - 0% - 50%
Last Minute Offensive - 0:00
Last Minute Defensive - 0:00
Total
Forward - 60:00
Defense - 60:00
|
Play by Play
1st period
0:01 of 1st period - Marcus Johansson wins face-off versus David Krejci in neutral zone.
0:35 of 1st period - Joffrey Lupul is hit by Tyler Myers and loses puck.
0:40 of 1st period - Snap shot by Samuel Pahlsson.
0:40 of 1st period - Deflect By David Moss.
0:40 of 1st period - Stopped by James Reimer without a rebound.
0:41 of 1st period - Petteri Wirtanen wins face-off versus Tom Pyatt in Saguenéens zone.
0:50 of 1st period - Wrist shot by Jamie Benn.
0:50 of 1st period - Stopped by James Reimer with a rebound.
1:08 of 1st period - Brandon Burlon is hit by Derek Peltier.
1:18 of 1st period - Derek Peltier is hit by Rhett Rakhshani and loses puck.
1:36 of 1st period - Minor Penalty to Tyler Myers for Roughing.
1:37 of 1st period - Evgeny Dadonov wins face-off versus Samuel Pahlsson in Thunder zone.
2:03 of 1st period - Kevin Marshall is hit by James Van Riemsdyk and loses puck.
3:11 of 1st period - Kris Russell is hit by James Van Riemsdyk and loses puck.
3:36 of 1st period - Penalty to Tyler Myers is over, Tyler Myers is back on ice.
3:44 of 1st period - Wrist shot by Bryan Bickell.
3:44 of 1st period - Stopped by Ben Bishop without a rebound.
3:45 of 1st period - Brandon Mashinter wins face-off versus David Toews in Thunder zone.
3:57 of 1st period - Snap shot by Rhett Rakhshani.
3:57 of 1st period - Stopped by Ben Bishop with a rebound.
3:59 of 1st period - Slapshot by David Rundblad.
3:59 of 1st period - Shot Misses the Net.
4:11 of 1st period - Wrist shot by Eric Tangradi.
4:11 of 1st period - Stopped by Ben Bishop with a rebound.
4:29 of 1st period - Samuel Pahlsson is hit by Tyler Kennedy and loses puck.
4:38 of 1st period - Wrist shot by Pierre-Alexandre Parenteau.
4:38 of 1st period - Stopped by James Reimer with a rebound.
4:54 of 1st period - Minor Penalty to James Van Riemsdyk for Hooking.
4:55 of 1st period - David Krejci wins face-off versus Marcus Johansson in Thunder zone.
5:30 of 1st period - Wrist shot by Kyle Brodziak.
5:30 of 1st period - Stopped by Ben Bishop with a rebound.
5:38 of 1st period - Ian Cole is hit by Matt D'Agostini.
6:03 of 1st period - Wrist shot by Joffrey Lupul.
6:03 of 1st period - Shot Misses the Net.
6:28 of 1st period - Snap shot by Kyle Brodziak.
6:28 of 1st period - Shot Blocked by Samuel Pahlsson.
6:42 of 1st period - Wrist shot by Kyle Brodziak.
6:42 of 1st period - Goal by Kyle Brodziak - Thunder : 0 - Saguenéens : 1.
6:43 of 1st period - Marcus Johansson wins face-off versus David Krejci in neutral zone.
7:17 of 1st period - Off-side.
7:18 of 1st period - Marcus Johansson wins face-off versus Samuel Pahlsson in neutral zone.
8:01 of 1st period - Snap shot by David Laliberté.
8:01 of 1st period - Stopped by Ben Bishop with a rebound.
8:03 of 1st period - Snap shot by Jeffrey Foss.
8:03 of 1st period - Deflect By David Laliberté.
8:03 of 1st period - Shot Misses the Net.
8:03 of 1st period - Puck is out of play.
8:04 of 1st period - Petteri Wirtanen wins face-off versus Tom Pyatt in Thunder zone.
8:27 of 1st period - Adam Hall is hit by Joffrey Lupul and loses puck.
8:34 of 1st period - Joffrey Lupul is hit by David Krejci and loses puck.
9:42 of 1st period - Minor Penalty to David Toews for Hooking.
9:43 of 1st period - Kyle Brodziak wins face-off versus David Krejci in Saguenéens zone.
9:43 of 1st period - Kyle Brodziak is hit by Jeff Finger.
11:42 of 1st period - Penalty to David Toews is over, David Toews is back on ice.
12:07 of 1st period - Slapshot by Eric Tangradi.
12:07 of 1st period - Stopped by Ben Bishop with a rebound.
13:22 of 1st period - Robin Leblanc is hit by Ian Cole and loses puck.
13:37 of 1st period - Wrist shot by Jamie Benn.
13:37 of 1st period - Shot Hit the Post.
13:39 of 1st period - Slapshot by Matt D'Agostini.
13:39 of 1st period - Stopped by James Reimer with a rebound.
13:45 of 1st period - Minor Penalty to Kyle Brodziak for Tripping.
13:46 of 1st period - David Krejci wins face-off versus Petteri Wirtanen in Saguenéens zone.
14:17 of 1st period - Snap shot by Samuel Pahlsson.
14:17 of 1st period - Stopped by James Reimer without a rebound.
14:18 of 1st period - David Krejci wins face-off versus Petteri Wirtanen in Saguenéens zone.
14:21 of 1st period - Snap shot by James Van Riemsdyk.
14:21 of 1st period - Shot Blocked by Petteri Wirtanen.
14:43 of 1st period - Jeff Finger is hit by Kris Russell and loses puck.
14:48 of 1st period - Slapshot by Tyler Kennedy.
14:48 of 1st period - Stopped by Ben Bishop with a rebound.
14:50 of 1st period - Wrist shot by Tyler Kennedy.
14:50 of 1st period - Stopped by Ben Bishop with a rebound.
15:45 of 1st period - Penalty to Kyle Brodziak is over, Kyle Brodziak is back on ice.
16:19 of 1st period - Snap shot by David Laliberté.
16:19 of 1st period - Stopped by Ben Bishop with a rebound.
16:29 of 1st period - Joey Ryan is hit by Tyler Kennedy and loses puck.
17:31 of 1st period - Slapshot by Adam Hall.
17:31 of 1st period - Goal by Adam Hall - Thunder : 1 - Saguenéens : 1.
17:32 of 1st period - David Krejci wins face-off versus Marcus Johansson in neutral zone.
17:45 of 1st period - Wrist shot by Adam Hall.
17:45 of 1st period - Stopped by James Reimer without a rebound.
17:46 of 1st period - Marcus Johansson wins face-off versus David Krejci in Saguenéens zone.
17:51 of 1st period - Jeff Finger is hit by Evgeny Dadonov and loses puck.
17:56 of 1st period - Wrist shot by Marcus Johansson.
17:56 of 1st period - Deflect By Evgeny Dadonov.
17:56 of 1st period - Stopped by Ben Bishop with a rebound.
17:58 of 1st period - Slapshot by Evgeny Dadonov.
17:58 of 1st period - Shot Misses the Net.
18:00 of 1st period - Snap shot by Tyler Kennedy.
18:00 of 1st period - Stopped by Ben Bishop with a rebound.
18:02 of 1st period - Snap shot by Evgeny Dadonov.
18:02 of 1st period - Shot Misses the Net.
18:12 of 1st period - Ian Cole is hit by Doug Janik and loses puck.
18:21 of 1st period - Slapshot by Pierre-Alexandre Parenteau.
18:21 of 1st period - Stopped by James Reimer with a rebound.
18:57 of 1st period - Wrist shot by Evgeny Dadonov.
18:57 of 1st period - Shot Blocked by Jamie Benn.
19:23 of 1st period - Backhand shot by Bryan Bickell.
19:23 of 1st period - Stopped by Ben Bishop without a rebound.
19:24 of 1st period - David Krejci wins face-off versus Kyle Brodziak in Thunder zone.
19:31 of 1st period - David Moss is hit by Doug Janik.
19:50 of 1st period - Pierre-Alexandre Parenteau is hit by Tyler Kennedy and loses puck.
Goals for this period are 1 for Thunder vs 1 for Saguenéens.
Shots for this period are 8 for Thunder vs 13 for Saguenéens.
2nd period
0:01 of 2nd period - David Krejci wins face-off versus Marcus Johansson in neutral zone.
0:32 of 2nd period - Snap shot by Kyle Brodziak.
0:32 of 2nd period - Shot Blocked by Ray Macias.
0:34 of 2nd period - Snap shot by David Moss.
0:34 of 2nd period - Shot Blocked by Tyler Myers.
0:36 of 2nd period - Slapshot by Brandon Burlon.
0:36 of 2nd period - Deflect By David Moss.
0:36 of 2nd period - Shot Misses the Net.
0:36 of 2nd period - Puck is out of play.
0:37 of 2nd period - Kyle Brodziak wins face-off versus David Krejci in Thunder zone.
0:38 of 2nd period - Snap shot by Joffrey Lupul.
0:38 of 2nd period - Stopped by Ben Bishop without a rebound.
0:39 of 2nd period - David Krejci wins face-off versus Kyle Brodziak in Thunder zone.
1:06 of 2nd period - Wrist shot by Tyler Kennedy.
1:06 of 2nd period - Shot Misses the Net.
1:08 of 2nd period - Snap shot by Ian Cole.
1:08 of 2nd period - Deflect By Dany Roussin.
1:08 of 2nd period - Stopped by Ben Bishop without a rebound.
1:09 of 2nd period - Samuel Pahlsson wins face-off versus Marcus Johansson in Thunder zone.
1:14 of 2nd period - Snap shot by Pierre-Alexandre Parenteau.
1:14 of 2nd period - Shot Misses the Net.
1:16 of 2nd period - Slapshot by Ray Macias.
1:16 of 2nd period - Goal by Ray Macias - Thunder : 2 - Saguenéens : 1.
1:17 of 2nd period - David Krejci wins face-off versus Marcus Johansson in neutral zone.
2:16 of 2nd period - Brandon Mashinter is hit by Eric Tangradi.
2:28 of 2nd period - Snap shot by Jamie Benn.
2:28 of 2nd period - Shot Blocked by Jeffrey Foss.
2:28 of 2nd period - Jeffrey Foss from Saguenéens is injured at 2:28 of 2nd period (Bruised Left Shoulder).
2:29 of 2nd period - James Van Riemsdyk wins face-off versus Marcus Johansson in Saguenéens zone.
2:36 of 2nd period - Wrist shot by David Krejci.
2:36 of 2nd period - Stopped by James Reimer with a rebound.
2:38 of 2nd period - Snap shot by Ray Macias.
2:38 of 2nd period - Stopped by James Reimer with a rebound.
2:40 of 2nd period - Snap shot by David Krejci.
2:40 of 2nd period - Deflect By Adam Hall.
2:40 of 2nd period - Stopped by James Reimer with a rebound.
2:42 of 2nd period - Snap shot by David Krejci.
2:42 of 2nd period - Shot Misses the Net.
2:44 of 2nd period - Slapshot by Ray Macias.
2:44 of 2nd period - Shot Hit the Post.
3:20 of 2nd period - Wrist shot by Eric Tangradi.
3:20 of 2nd period - Shot Misses the Net.
3:22 of 2nd period - Snap shot by Eric Tangradi.
3:22 of 2nd period - Stopped by Ben Bishop without a rebound.
3:23 of 2nd period - Marcus Johansson wins face-off versus David Krejci in Thunder zone.
3:24 of 2nd period - Wrist shot by Tyler Kennedy.
3:24 of 2nd period - Stopped by Ben Bishop with a rebound.
3:32 of 2nd period - Snap shot by James Van Riemsdyk.
3:32 of 2nd period - Shot Blocked by Kevin Marshall.
3:34 of 2nd period - Slapshot by Ray Macias.
3:34 of 2nd period - Deflect By Adam Hall.
3:34 of 2nd period - Shot Misses the Net.
3:34 of 2nd period - Puck is out of play.
3:35 of 2nd period - David Krejci wins face-off versus Marcus Johansson in Saguenéens zone.
3:36 of 2nd period - Wrist shot by Adam Hall.
3:36 of 2nd period - Stopped by James Reimer without a rebound.
3:37 of 2nd period - Marcus Johansson wins face-off versus David Krejci in Saguenéens zone.
3:37 of 2nd period - Marcus Johansson is hit by David Krejci.
4:05 of 2nd period - Snap shot by Eric Tangradi.
4:05 of 2nd period - Stopped by Ben Bishop without a rebound.
4:06 of 2nd period - Samuel Pahlsson wins face-off versus Eric Tangradi in Thunder zone.
4:21 of 2nd period - Snap shot by Samuel Pahlsson.
4:21 of 2nd period - Shot Misses the Net.
4:50 of 2nd period - Slapshot by Scott Parse.
4:50 of 2nd period - Deflect By Brandon Mashinter.
4:50 of 2nd period - Shot Misses the Net.
4:50 of 2nd period - Puck is out of play.
4:51 of 2nd period - David Moss wins face-off versus Brandon Mashinter in Saguenéens zone.
5:18 of 2nd period - Wrist shot by Adam Hall.
5:18 of 2nd period - Shot Blocked by Kevin Marshall.
5:20 of 2nd period - Wrist shot by Ray Macias.
5:20 of 2nd period - Deflect By Adam Hall.
5:20 of 2nd period - Stopped by James Reimer with a rebound.
5:22 of 2nd period - Slapshot by Tyler Myers.
5:22 of 2nd period - Deflect By James Van Riemsdyk.
5:22 of 2nd period - Stopped by James Reimer with a rebound.
5:24 of 2nd period - Snap shot by David Krejci.
5:24 of 2nd period - Shot Misses the Net.
5:26 of 2nd period - Snap shot by James Van Riemsdyk.
5:26 of 2nd period - Stopped by James Reimer with a rebound.
6:00 of 2nd period - Slapshot by David Moss.
6:00 of 2nd period - Deflect By Joffrey Lupul.
6:00 of 2nd period - Shot Blocked by Jamie Benn.
6:00 of 2nd period - Puck is out of play.
6:01 of 2nd period - Kyle Brodziak wins face-off versus David Krejci in Thunder zone.
7:53 of 2nd period - Off-side.
7:54 of 2nd period - Marcus Johansson wins face-off versus Samuel Pahlsson in neutral zone.
8:09 of 2nd period - Snap shot by Pierre-Alexandre Parenteau.
8:09 of 2nd period - Stopped by James Reimer with a rebound.
8:19 of 2nd period - David Krejci is hit by Kevin Marshall and loses puck.
8:26 of 2nd period - Snap shot by David Krejci.
8:26 of 2nd period - Shot Misses the Net.
8:32 of 2nd period - Kyle Brodziak is hit by David Krejci and loses puck.
8:55 of 2nd period - Matt D'Agostini is hit by Brandon Burlon and loses puck.
9:02 of 2nd period - Jamie Benn is hit by Eric Tangradi and loses puck.
9:41 of 2nd period - Slapshot by Brandon Burlon.
9:41 of 2nd period - Deflect By Ray Macias.
9:41 of 2nd period - Stopped by Ben Bishop with a rebound.
9:55 of 2nd period - Slapshot by Jamie Benn.
9:55 of 2nd period - Shot Misses the Net.
9:57 of 2nd period - Snap shot by Jamie Benn.
9:57 of 2nd period - Shot Blocked by Marcus Johansson.
9:59 of 2nd period - Slapshot by Ray Macias.
9:59 of 2nd period - Deflect By Jamie Benn.
9:59 of 2nd period - Stopped by James Reimer without a rebound.
10:00 of 2nd period - David Krejci wins face-off versus Kyle Brodziak in Saguenéens zone.
10:25 of 2nd period - Bryan Bickell is hit by Pierre-Alexandre Parenteau.
10:29 of 2nd period - Jeff Finger is hit by Ian Cole and loses puck.
10:54 of 2nd period - Slapshot by Jeff Finger.
10:54 of 2nd period - Shot Misses the Net.
10:56 of 2nd period - Slapshot by Jeff Finger.
10:56 of 2nd period - Deflect By Kyle Brodziak.
10:56 of 2nd period - Stopped by James Reimer with a rebound.
11:05 of 2nd period - Icing by Kris Russell.
11:06 of 2nd period - David Krejci wins face-off versus David Toews in Saguenéens zone.
11:15 of 2nd period - Snap shot by David Krejci.
11:15 of 2nd period - Stopped by James Reimer without a rebound.
11:16 of 2nd period - Kyle Brodziak wins face-off versus David Krejci in Saguenéens zone.
11:21 of 2nd period - Kris Russell is hit by James Van Riemsdyk.
11:41 of 2nd period - Brandon Burlon is hit by Scott Parse and loses puck.
11:50 of 2nd period - Wrist shot by Scott Parse.
11:50 of 2nd period - Shot Blocked by Kris Russell.
12:32 of 2nd period - Snap shot by James Van Riemsdyk.
12:32 of 2nd period - Shot Blocked by Ian Cole.
12:34 of 2nd period - Snap shot by Derek Peltier.
12:34 of 2nd period - Deflect By Adam Hall.
12:34 of 2nd period - Shot Misses the Net.
12:34 of 2nd period - Puck is out of play.
12:35 of 2nd period - Marcus Johansson wins face-off versus David Krejci in Saguenéens zone.
12:37 of 2nd period - Minor Penalty to Ian Cole for Roughing.
12:38 of 2nd period - David Krejci wins face-off versus Petteri Wirtanen in Saguenéens zone.
14:37 of 2nd period - Penalty to Ian Cole is over, Ian Cole is back on ice.
15:07 of 2nd period - Brandon Mashinter is hit by Evgeny Dadonov.
15:11 of 2nd period - David Rundblad is hit by Scott Parse and loses puck.
15:31 of 2nd period - Pierre-Alexandre Parenteau is hit by Petteri Wirtanen and loses puck.
15:42 of 2nd period - Derek Peltier is hit by David Toews and loses puck.
15:53 of 2nd period - David Krejci is hit by David Moss and loses puck.
16:06 of 2nd period - Jamie Benn is hit by Evgeny Dadonov and loses puck.
16:18 of 2nd period - Icing by Kevin Marshall.
16:19 of 2nd period - Brandon Mashinter wins face-off versus Marcus Johansson in Saguenéens zone.
16:26 of 2nd period - Wrist shot by Pierre-Alexandre Parenteau.
16:26 of 2nd period - Stopped by James Reimer with a rebound.
16:38 of 2nd period - Wrist shot by Marcus Johansson.
16:38 of 2nd period - Stopped by Ben Bishop with a rebound.
16:40 of 2nd period - Slapshot by Kris Russell.
16:40 of 2nd period - Deflect By Evgeny Dadonov.
16:40 of 2nd period - Shot Misses the Net.
16:40 of 2nd period - Puck is out of play.
16:41 of 2nd period - Kyle Brodziak wins face-off versus David Krejci in Thunder zone.
16:52 of 2nd period - Brandon Burlon is hit by Adam Hall and loses puck.
16:57 of 2nd period - Snap shot by David Krejci.
16:57 of 2nd period - Shot Misses the Net.
17:14 of 2nd period - Snap shot by Bryan Bickell.
17:14 of 2nd period - Shot Blocked by Tyler Myers.
17:16 of 2nd period - Snap shot by David Toews.
17:16 of 2nd period - Shot Blocked by Pierre-Alexandre Parenteau.
17:28 of 2nd period - Wrist shot by Tom Pyatt.
17:28 of 2nd period - Shot Misses the Net.
17:30 of 2nd period - Slapshot by Tyler Myers.
17:30 of 2nd period - Stopped by James Reimer without a rebound.
17:31 of 2nd period - Marcus Johansson wins face-off versus Tom Pyatt in Saguenéens zone.
17:42 of 2nd period - Doug Janik is hit by Kris Russell and loses puck.
18:32 of 2nd period - Snap shot by Evgeny Dadonov.
18:32 of 2nd period - Stopped by Ben Bishop without a rebound.
18:33 of 2nd period - David Krejci wins face-off versus Kyle Brodziak in Thunder zone.
18:35 of 2nd period - Minor Penalty to James Van Riemsdyk for Roughing.
18:36 of 2nd period - Kyle Brodziak wins face-off versus David Krejci in Thunder zone.
19:23 of 2nd period - Slapshot by Adam Hall.
19:23 of 2nd period - Shot Misses the Net.
19:41 of 2nd period - Snap shot by Tom Pyatt.
19:41 of 2nd period - Shot Blocked by Evgeny Dadonov.
Goals for this period are 1 for Thunder vs 0 for Saguenéens.
Shots for this period are 14 for Thunder vs 8 for Saguenéens.
3rd period
0:01 of 3rd period - Marcus Johansson wins face-off versus David Krejci in neutral zone.
0:13 of 3rd period - Snap shot by Ian Cole.
0:13 of 3rd period - Shot Misses the Net.
0:15 of 3rd period - Snap shot by Tyler Kennedy.
0:15 of 3rd period - Shot Misses the Net.
0:25 of 3rd period - Samuel Pahlsson is hit by Kyle Brodziak and loses puck.
0:34 of 3rd period - Snap shot by Kyle Brodziak.
0:34 of 3rd period - Shot Misses the Net.
0:35 of 3rd period - Penalty to James Van Riemsdyk is over, James Van Riemsdyk is back on ice.
1:29 of 3rd period - Wrist shot by Eric Tangradi.
1:29 of 3rd period - Shot Blocked by Tyler Myers.
2:53 of 3rd period - Wrist shot by Dany Roussin.
2:53 of 3rd period - Stopped by James Reimer without a rebound.
2:54 of 3rd period - Samuel Pahlsson wins face-off versus Kyle Brodziak in Saguenéens zone.
3:03 of 3rd period - Jeff Finger is hit by Ian Cole and loses puck.
3:08 of 3rd period - Snap shot by David Moss.
3:08 of 3rd period - Stopped by Ben Bishop with a rebound.
3:21 of 3rd period - Minor Penalty to Tyler Kennedy for Boarding.
3:22 of 3rd period - Petteri Wirtanen wins face-off versus David Krejci in Saguenéens zone.
3:35 of 3rd period - Wrist shot by David Krejci.
3:35 of 3rd period - Stopped by James Reimer with a rebound.
3:37 of 3rd period - Snap shot by David Krejci.
3:37 of 3rd period - Deflect By Adam Hall.
3:37 of 3rd period - Shot Blocked by Ian Cole.
3:37 of 3rd period - Puck is out of play.
3:38 of 3rd period - Petteri Wirtanen wins face-off versus David Krejci in Saguenéens zone.
4:09 of 3rd period - Icing by Samuel Pahlsson.
4:10 of 3rd period - Samuel Pahlsson wins face-off versus Kyle Brodziak in Thunder zone.
5:02 of 3rd period - Wrist shot by Dany Roussin.
5:02 of 3rd period - Stopped by James Reimer without a rebound.
5:03 of 3rd period - David Krejci wins face-off versus Kyle Brodziak in Saguenéens zone.
5:04 of 3rd period - Slapshot by Adam Hall.
5:04 of 3rd period - Deflect By David Krejci.
5:04 of 3rd period - Stopped by James Reimer without a rebound.
5:05 of 3rd period - David Krejci wins face-off versus Kyle Brodziak in Saguenéens zone.
5:20 of 3rd period - Slapshot by Adam Hall.
5:20 of 3rd period - Deflect By James Van Riemsdyk.
5:20 of 3rd period - Shot Misses the Net.
5:20 of 3rd period - Puck is out of play.
5:21 of 3rd period - Penalty to Tyler Kennedy is over, Tyler Kennedy is back on ice.
5:21 of 3rd period - David Krejci wins face-off versus Marcus Johansson in Saguenéens zone.
5:30 of 3rd period - Slapshot by Adam Hall.
5:30 of 3rd period - Shot Blocked by Evgeny Dadonov.
5:35 of 3rd period - Minor Penalty to David Krejci for Interference.
5:36 of 3rd period - Tyler Kennedy wins face-off versus Matt D'Agostini in Thunder zone.
6:01 of 3rd period - Eric Tangradi is hit by Doug Janik and loses puck.
6:10 of 3rd period - Doug Janik is hit by Kyle Brodziak and loses puck.
6:27 of 3rd period - Slapshot by James Van Riemsdyk.
6:27 of 3rd period - Shot Misses the Net.
7:13 of 3rd period - Jeff Finger is hit by Joffrey Lupul.
7:35 of 3rd period - Penalty to David Krejci is over, David Krejci is back on ice.
7:39 of 3rd period - Wrist shot by David Krejci.
7:39 of 3rd period - Stopped by James Reimer with a rebound.
7:53 of 3rd period - Wrist shot by David Krejci.
7:53 of 3rd period - Shot Blocked by Rhett Rakhshani.
8:05 of 3rd period - Wrist shot by Bryan Bickell.
8:05 of 3rd period - Deflect By Jeff Finger.
8:05 of 3rd period - Stopped by Ben Bishop with a rebound.
8:07 of 3rd period - Wrist shot by David Toews.
8:07 of 3rd period - Shot Misses the Net.
8:09 of 3rd period - Slapshot by Kevin Marshall.
8:09 of 3rd period - Shot Blocked by Doug Janik.
8:11 of 3rd period - Backhand shot by Ian Cole.
8:11 of 3rd period - Stopped by Ben Bishop with a rebound.
8:13 of 3rd period - Slapshot by Kevin Marshall.
8:13 of 3rd period - Stopped by Ben Bishop with a rebound.
8:15 of 3rd period - Slapshot by Bryan Bickell.
8:15 of 3rd period - Stopped by Ben Bishop with a rebound.
8:17 of 3rd period - Slapshot by David Toews.
8:17 of 3rd period - Stopped by Ben Bishop with a rebound.
8:19 of 3rd period - Slapshot by David Toews.
8:19 of 3rd period - Shot Misses the Net.
8:21 of 3rd period - Slapshot by Bryan Bickell.
8:21 of 3rd period - Stopped by Ben Bishop with a rebound.
8:43 of 3rd period - Snap shot by David Krejci.
8:43 of 3rd period - Stopped by James Reimer with a rebound.
8:57 of 3rd period - Snap shot by Samuel Pahlsson.
8:57 of 3rd period - Shot Misses the Net.
9:05 of 3rd period - Slapshot by Bryan Bickell.
9:05 of 3rd period - Stopped by Ben Bishop with a rebound.
9:07 of 3rd period - Snap shot by Ian Cole.
9:07 of 3rd period - Shot Misses the Net.
9:09 of 3rd period - Slapshot by Bryan Bickell.
9:09 of 3rd period - Stopped by Ben Bishop with a rebound.
9:11 of 3rd period - Wrist shot by Bryan Bickell.
9:11 of 3rd period - Stopped by Ben Bishop with a rebound.
9:13 of 3rd period - Slapshot by Kevin Marshall.
9:13 of 3rd period - Deflect By Rhett Rakhshani.
9:13 of 3rd period - Shot Misses the Net.
9:13 of 3rd period - Puck is out of play.
9:14 of 3rd period - Tom Pyatt wins face-off versus Marcus Johansson in Thunder zone.
9:14 of 3rd period - Tom Pyatt is hit by Marcus Johansson.
9:26 of 3rd period - Snap shot by Tyler Kennedy.
9:26 of 3rd period - Stopped by Ben Bishop without a rebound.
9:27 of 3rd period - Tom Pyatt wins face-off versus Tyler Kennedy in Thunder zone.
10:05 of 3rd period - Derek Peltier is hit by David Moss and loses puck.
11:19 of 3rd period - Brandon Mashinter is hit by Evgeny Dadonov and loses puck.
11:45 of 3rd period - Minor Penalty to Brandon Burlon for Hooking.
11:46 of 3rd period - Petteri Wirtanen wins face-off versus David Krejci in Saguenéens zone.
11:54 of 3rd period - Off-side.
11:55 of 3rd period - Petteri Wirtanen wins face-off versus James Van Riemsdyk in neutral zone.
12:11 of 3rd period - Off-side.
12:12 of 3rd period - Pierre-Alexandre Parenteau wins face-off versus Kyle Brodziak in neutral zone.
12:24 of 3rd period - Off-side.
12:25 of 3rd period - David Krejci wins face-off versus Petteri Wirtanen in neutral zone.
12:38 of 3rd period - Wrist shot by David Krejci.
12:38 of 3rd period - Shot Blocked by Ian Cole.
12:40 of 3rd period - Slapshot by James Van Riemsdyk.
12:40 of 3rd period - Goal by James Van Riemsdyk - Thunder : 3 - Saguenéens : 1.
12:41 of 3rd period - Marcus Johansson wins face-off versus David Krejci in neutral zone.
12:50 of 3rd period - Snap shot by David Krejci.
12:50 of 3rd period - Stopped by James Reimer with a rebound.
13:35 of 3rd period - Off-side.
13:36 of 3rd period - David Krejci wins face-off versus Marcus Johansson in neutral zone.
13:39 of 3rd period - Kris Russell is hit by Adam Hall and loses puck.
14:01 of 3rd period - Samuel Pahlsson is hit by David Laliberté and loses puck.
14:10 of 3rd period - Wrist shot by David Laliberté.
14:10 of 3rd period - Stopped by Ben Bishop with a rebound.
14:12 of 3rd period - Snap shot by Eric Tangradi.
14:12 of 3rd period - Stopped by Ben Bishop with a rebound.
14:14 of 3rd period - Slapshot by Petteri Wirtanen.
14:14 of 3rd period - Stopped by Ben Bishop with a rebound.
14:26 of 3rd period - Slapshot by Tom Pyatt.
14:26 of 3rd period - Stopped by James Reimer with a rebound.
14:28 of 3rd period - Snap shot by Jamie Benn.
14:28 of 3rd period - Shot Misses the Net.
14:30 of 3rd period - Wrist shot by Jamie Benn.
14:30 of 3rd period - Goal by Jamie Benn - Thunder : 4 - Saguenéens : 1.
14:31 of 3rd period - David Krejci wins face-off versus Marcus Johansson in neutral zone.
14:39 of 3rd period - Ray Macias is hit by Evgeny Dadonov and loses puck.
14:58 of 3rd period - David Moss is hit by Pierre-Alexandre Parenteau and loses puck.
16:03 of 3rd period - Icing by Adam Hall.
16:04 of 3rd period - David Krejci wins face-off versus Kyle Brodziak in Thunder zone.
16:04 of 3rd period - David Krejci is hit by Joffrey Lupul.
16:11 of 3rd period - Minor Penalty to Kris Russell for Hooking.
16:12 of 3rd period - Petteri Wirtanen wins face-off versus David Krejci in Saguenéens zone.
16:23 of 3rd period - Slapshot by Doug Janik.
16:23 of 3rd period - Stopped by James Reimer without a rebound.
16:24 of 3rd period - David Krejci wins face-off versus Kyle Brodziak in Saguenéens zone.
16:44 of 3rd period - Icing by Doug Janik.
16:45 of 3rd period - David Krejci wins face-off versus Kyle Brodziak in Thunder zone.
17:04 of 3rd period - Wrist shot by Adam Hall.
17:04 of 3rd period - Stopped by James Reimer with a rebound.
17:06 of 3rd period - Slapshot by Doug Janik.
17:06 of 3rd period - Stopped by James Reimer with a rebound.
17:08 of 3rd period - Snap shot by Adam Hall.
17:08 of 3rd period - Shot Misses the Net.
17:10 of 3rd period - Slapshot by Doug Janik.
17:10 of 3rd period - Shot Blocked by Kevin Marshall.
17:12 of 3rd period - Slapshot by Doug Janik.
17:12 of 3rd period - Goal by Doug Janik - Thunder : 5 - Saguenéens : 1.
17:13 of 3rd period - Marcus Johansson wins face-off versus Samuel Pahlsson in neutral zone.
17:38 of 3rd period - David Moss is hit by Adam Hall and loses puck.
17:45 of 3rd period - Wrist shot by Kyle Brodziak.
17:45 of 3rd period - Shot Blocked by Doug Janik.
18:09 of 3rd period - Snap shot by Matt D'Agostini.
18:09 of 3rd period - Shot Misses the Net.
19:04 of 3rd period - Wrist shot by David Krejci.
19:04 of 3rd period - Shot Misses the Net.
19:06 of 3rd period - Slapshot by David Krejci.
19:06 of 3rd period - Stopped by James Reimer with a rebound.
19:30 of 3rd period - Slapshot by Kevin Marshall.
19:30 of 3rd period - Shot Misses the Net.
19:40 of 3rd period - Tom Pyatt is hit by Ian Cole and loses puck.
19:49 of 3rd period - Slapshot by Ray Macias.
19:49 of 3rd period - Shot Blocked by Ian Cole.
Goals for this period are 3 for Thunder vs 0 for Saguenéens.
Shots for this period are 15 for Thunder vs 14 for Saguenéens.
Output by the SimonT Hockey Simulator (STHS) for François Prévost -- Original Page W3C XHTML 1.0 Valid